Map: Ulrena

Players

Luffe

  • Race: Protoss Protoss
  • League: Silver

zod - Winner!

  • Race: Protoss Protoss
  • League: Silver

VOD

Have the link to the VOD?

Description

Time

  • Played on: Jan. 21, 2016, 2:01 p.m.
  • Length: 15:49
Show
View Real Time Build Order
Export as new Build Order

Luffe Protoss 

Build Orders: Cannon Rush 

Get SALT Encoding   

  12  0:05  Probe (Chrono Boost)  
  13  0:17  Probe (Chrono Boost)  
  14  0:25  Pylon  
  14  0:27  Probe (Chrono Boost)  
  15  0:45  Forge  
  15  1:03  Pylon  
  15  1:05  Pylon  
  15  1:24  Photon Cannon  
  15  1:28  Photon Cannon  
  15  1:30  Assimilator  
  15  1:34  Assimilator  
  15  1:43  Photon Cannon  
  15  1:47  Probe (Chrono Boost)  
  16  1:57  Probe (Chrono Boost)  
  17  2:08  Probe (Chrono Boost)  
  18  2:17  Photon Cannon  
  18  2:18  Probe (Chrono Boost)  
  19  2:29  Probe (Chrono Boost)  
  20  2:39  Probe (Chrono Boost)  
  21  2:50  Probe (Chrono Boost)  
  22  2:51  Gateway  
  22  3:25  Probe (Chrono Boost)  
  23  3:31  Nexus  
  23  3:35  Probe (Chrono Boost)  
  23  3:38  Pylon  
  24  3:42  Photon Cannon  
  24  3:46  Probe (Chrono Boost)  
  25  3:56  Probe (Chrono Boost)  
  26  4:04  Cybernetics Core  
  26  4:07  Probe (Chrono Boost)  
  26  4:08  Pylon  
  27  4:11  Pylon  
  27  4:14  Pylon  
  27  4:17  Probe (Chrono Boost)  
  27  4:23  Assimilator  
  28  4:25  Assimilator  
  28  4:28  Probe (Chrono Boost)  
  29  4:36  Photon Cannon  
  29  4:50  Photon Cannon  
  29  4:53  Photon Cannon  
  29  4:57  Photon Cannon  
  29  5:04  Photon Cannon  
  23  6:00  Photon Cannon  
  23  6:03  Photon Cannon  
  23  6:06  Photon Cannon  
  23  6:07  Pylon  
  23  6:10  Pylon  
  23  6:24  Pylon  
  23  6:44  Photon Cannon  
  23  7:05  Photon Cannon  
  23  7:23  Cybernetics Core  
  23  7:42  Photon Cannon  
  23  8:01  Stargate  
  23  8:07  Stargate  
  23  8:10  Stargate  
  23  8:11  Pylon  
  23  8:13  Pylon  
  23  8:45  Void Ray  
  27  8:51  Void Ray  
  27  8:53  Void Ray  
  35  9:17  Photon Cannon x2  
  33  9:27  Void Ray  
  33  9:31  Pylon  
  37  9:33  Void Ray  
  37  9:36  Void Ray  
  45  9:57  Probe (Chrono Boost)  
  46  10:08  Probe (Chrono Boost)  
  46  10:13  Pylon  
  47  10:37  Nexus  
  47  10:45  Pylon  
  47  10:51  Pylon  
  47  11:08  Photon Cannon  
  47  11:35  Void Ray x2  
  39  12:10  Void Ray  
  39  12:15  Protoss Air Weapons Level 1  
  43  12:18  Void Ray  
  43  12:19  Probe (Chrono Boost)  
  48  12:36  Void Ray  
  52  13:11  Void Ray  
  52  13:12  Void Ray  
Show
View Real Time Build Order
Export as new Build Order

zod Protoss - Winner!

Build Orders: Mass Adepts 

Get SALT Encoding   

  12  0:01  Probe (Chrono Boost)  
  13  0:11  Probe (Chrono Boost)  
  14  0:21  Pylon  
  14  0:22  Probe (Chrono Boost)  
  15  0:39  Probe (Chrono Boost)  
  15  0:40  Gateway  
  16  0:49  Probe (Chrono Boost)  
  17  0:53  Assimilator  
  17  1:00  Probe (Chrono Boost)  
  18  1:04  Gateway  
  18  1:11  Probe (Chrono Boost)  
  19  1:14  Pylon  
  19  1:21  Probe (Chrono Boost)  
  19  1:23  Assimilator  
  20  1:32  Cybernetics Core  
  20  1:35  Probe (Chrono Boost)  
  21  1:46  Probe (Chrono Boost)  
  22  1:56  Probe (Chrono Boost)  
  23  2:02  Pylon  
  23  2:03  Pylon, Zealot  
  25  2:10  Warp Gate (Chrono Boost)  
  25  2:14  Probe  
  26  2:23  Adept  
  26  2:27  Mothership Core  
  30  2:41  Adept  
  32  2:57  Nexus  
  32  3:01  Adept  
  32  3:05  Probe  
  33  3:10  Adept  
  35  3:18  Probe  
  35  3:19  Assimilator  
  36  3:27  Pylon  
  36  3:30  Adept (Chrono Boost)  
  38  3:42  Twilight Council  
  38  3:44  Probe  
  39  3:51  Adept (Chrono Boost)  
  41  3:59  Pylon  
  41  4:01  Probe  
  42  4:09  Probe  
  42  4:13  Probe  
  44  4:18  Assimilator  
  44  4:20  Probe  
  44  4:22  Adept  
  47  4:25  Probe  
  47  4:30  Probe  
  48  4:32  Adept  
  48  4:37  Probe  
  52  4:41  Resonating Glaives (Chrono Boost)  
  52  4:42  Pylon  
  52  4:49  Probe  
  52  4:51  Probe  
  54  4:57  Adept  
  54  4:58  Adept  
  58  5:03  Probe  
  57  5:40  Stalker x2  
  61  5:48  Robotics Facility  
  61  5:51  Dark Shrine  
  61  5:53  Stargate  
  61  5:55  Gateway  
  61  5:57  Gateway  
  61  6:35  Stalker x2  
  61  6:38  Probe  
  61  6:39  Probe  
  67  6:44  Nexus  
  67  6:46  Assimilator  
  67  6:48  Probe  
  67  6:49  Assimilator  
  67  6:51  Probe  
  67  6:53  Pylon  
  69  6:55  Pylon  
  69  6:59  Immortal, Pylon  
  73  7:02  Pylon  
  73  7:03  Pylon, Void Ray  
  73  7:05  Pylon  
  73  7:07  Probe  
  73  7:08  Probe  
  77  7:25  Stalker x2  
  77  7:26  Stalker  
  77  7:27  Stalker  
  85  7:31  Probe  
  85  7:32  Probe  
  87  7:42  Probe  
  88  7:45  Probe  
  89  7:53  Stalker x2  
  89  7:54  Stalker x2  
  97  8:00  Immortal  
  97  8:02  Probe x2  
  97  8:03  Probe  
  104  8:14  Probe  
  103  8:21  Stalker  
  103  8:23  Stalker x3  
  111  8:31  Probe  
  111  8:32  Robotics Bay  
  111  8:33  Probe  
  113  8:42  Probe x2  
  113  8:45  Probe  
  116  8:52  Probe  
  116  8:53  Stalker x2, Probe  
  122  8:57  Probe  
  122  9:00  Charge (Chrono Boost)  
  123  9:07  Forge  
  123  9:08  Probe x2  
  123  9:09  Probe  
  126  9:33  Stalker x4  
  134  9:39  Probe x2  
  134  9:40  Probe  
  134  9:41  Pylon  
  134  9:43  Pylon  
  134  9:45  Pylon  
  135  9:47  Pylon  
  129  9:57  Phoenix  
  129  9:59  Extended Thermal Lance  
  131  10:00  Colossus  
  137  10:11  Probe  
  137  10:12  Robotics Facility  
  137  10:13  Probe  
  139  10:15  Robotics Facility  
  139  10:19  Protoss Ground Weapons Level 1 (Chrono Boost)  
  139  10:25  Forge  
  139  10:28  Pylon  
  139  10:34  Adept x3  
  139  10:35  Adept  
  147  10:45  Nexus  
  147  10:48  Assimilator  
  147  10:53  Assimilator  
  147  10:54  Colossus  
  153  11:09  Stalker x4  
  161  11:19  Probe x2  
  161  11:20  Probe  
  161  11:23  Colossus x2  
  165  11:33  Stalker x2  
  169  11:42  Stalker x2  
  149  12:08  Phoenix  
  149  12:13  Stalker x3  
  157  12:22  Observer  
  158  12:33  Phoenix  
  158  12:34  Protoss Shields Level 1 (Chrono Boost)  
  160  12:50  Stargate  
  160  12:51  Stargate  
  160  12:52  Fleet Beacon  
  160  12:56  Stargate  
  160  12:57  Probe x2  
  160  12:58  Probe, Stargate, Phoenix  
  165  13:08  Probe  
  165  13:09  Pylon  
  164  13:23  Phoenix  
  156  14:11  Tempest x4  
  156  14:18  Colossus (Chrono Boost)  
  156  14:25  Colossus x2 (Chrono Boost)  
  156  14:37  Tempest  
  156  15:00  Pylon  
Tags
 
Composition
Mass Adepts
Matchup
PvP
Add a new tag
Caveats
  • Supply blocks, unpowered buildings, or Contaminate may cause inaccurate times.
  • Supply counts are checked every 10 seconds.